 Dungeon Crawl Stone Soup version 0.31-a0-344-gd109795599 (console) character file.

Game seed: 449097527801924898

677 petzl the Sneak (level 7, -2/46 HPs)
             Began as a Formicid Delver on July 21, 2023.
             Slain by a yak (12 damage)
             ... on level 7 of the Dungeon.
             The game lasted 00:22:46 (5250 turns).

petzl the Sneak (Formicid Delver)                   Turns: 5250, Time: 00:22:47

Health: -2/46      AC: 11    Str: 14 (17) XL:     7   Next: 91%
Magic:  14/14      EV: 11    Int: 11      God:
Gold:   269        SH:  0    Dex: 15      Spells: 10/14 levels left

rFire   . . .        a - +0 falchion (protect)
rCold   . . .        (no shield)
rNeg    + . .        z - +6 ring mail of Light {Slay+4}
rPois   .            (helmet unavailable)
rElec   .            (no cloak)
rCorr   .            (no gloves)
SInv    +            (no boots)
Will    .....        (no amulet)
Stlth   +++          l - ring of positive energy
HPRegen 0.27/turn    (no ring)
MPRegen 0.14/turn

%: no passive effects
@: no status effects
A: permanent stasis, dig shafts and tunnels, antennae 3, four strong arms,
deterioration 1, frail 1, high MP 1
a: Dig, Shaft Self


You were on level 7 of the Dungeon.
You visited 2 branches of the dungeon, and saw 9 of its levels.

You collected 269 gold pieces.

Inventory:

Hand Weapons
 a - a +0 falchion of protection (weapon)
 b - a +2 orcbow
 h - a +0 war axe {!f =f}
 p - a +2 dagger of holy wrath {!f =f}
 w - a +0 mace
 y - a +0 flail
Missiles
 e - 3 javelins
 o - 4 poisoned darts
 q - a boomerang of dispersal (quivered)
Armour
 z - the +6 ring mail of Light (worn) {Slay+4}
   (You found it on level 7 of the Dungeon)

   Slay:      It affects your accuracy & damage with ranged weapons and melee
   (+4).
Jewellery
 l - a ring of positive energy (left hand)
Wands
 f - a wand of digging (1)
 k - a wand of mindburst (16)
Scrolls
 c - 2 scrolls of fog
 d - 3 scrolls of revelation
 g - a scroll of noise {unknown}
 r - a scroll of enchant armour
 v - 2 scrolls of poison
Potions
 i - a potion of mutation
 j - a potion of degeneration {unknown}
 s - a potion of enlightenment
 u - a potion of lignification {unknown}


   Skills:
 - Level 3.4 Fighting
 - Level 2.2 Maces & Flails
 - Level 5.0 Ranged Weapons
 - Level 2.0 Dodging
 - Level 6.1 Stealth
 + Level 4.1 Spellcasting
 + Level 1.5 Conjurations
 + Level 1.8 Ice Magic
 + Level 2.1 Evocations


You had 10 spell levels left.
You knew the following spells:

 Your Spells              Type           Power      Damage    Failure   Level
a - Freeze                Ice            24%        1d4       22%         1
b - Hailstorm             Conj/Ice       6%         3d4       58%         3

Your spell library contained the following spells:

 Spells                   Type           Power      Damage    Failure   Level
 Frozen Ramparts          Ice            12%        1d2       56%         3
 Dazzling Flash           Conj/Hex       8%         N/A       71%         3
 Volatile Blastmotes      Fire/Tloc      4%         2d10      82%         3
 Starburst                Conj/Fire      2%         6d3       100%        6
 Maxwell's Capacitive Co  Air            1%         ∞         100%        8


Dungeon Overview and Level Annotations

Branches:
Dungeon (8/15)             Temple (1/1) D:5
   Lair: D:8-11

Altars:
Ashenzari
Cheibriados
Dithmenos
Elyvilon
Fedhas
Gozag
Hepliaklqana
Kikubaaqudgha
Makhleb
Nemelex Xobeh
Okawaru
Qazlal
Ru
Sif Muna
Trog
Uskayaw
Wu Jian
Xom
Zin
The Shining One

Shops:
D:3 =

Annotations:
D:3 exclusion: downstairs, Robin
D:4 exclusions: 2 hounds and scorpion
D:5 exclusions: upstairs and water moccasin
D:8 exclusion: 2 gnolls


Innate Abilities, Weirdness & Mutations

You cannot be hasted, slowed, berserked, paralysed or teleported.
You can dig through walls and to a lower floor.
You have a pair of large antennae on your head. (SInv)
Your four strong arms can wield two-handed weapons with a shield.
Your body sometimes deteriorates upon taking damage.
You are frail. (-10% HP)
You have an increased reservoir of magic. (+10% MP)


Message History

The yak closely misses you. The yak attacks as you move away!
The yak gores you but does no damage. The yak attacks as you move away!
The yak closely misses you. The yak attacks as you move away!
The yak barely misses you. The yak attacks as you move away!
The yak misses you. The yak attacks as you move away!
The yak gores you but does no damage.
There is a stone staircase leading up here.
The yak gores you!
Your body deteriorates!
You feel weakened.
You climb upwards.
There is a stone staircase leading down here.
The yak barely misses you.
You completely miss the yak. You punch the yak.
The yak is heavily wounded.
The yak gores you!
Your body deteriorates!
You feel weakened. The yak gores you!
* * * LOW HITPOINT WARNING * * *
Your body deteriorates!
You feel weakened.
Okay, then.
Unknown command.
Unknown command.
Unknown command.
Okay, then.
Aiming: Mindburst
Press: ? - help, Shift-Dir - straight line, f - yak
Aim: a yak (heavily wounded, chance to affect: 73%)
The yak struggles to resist.
The yak gores you but does no damage.
Aiming: Mindburst
Press: ? - help, Shift-Dir - straight line, f/p - yak
Aim: a yak (heavily wounded, chance to affect: 73%)
The yak struggles to resist.
The yak barely misses you.
Aiming: Mindburst
Press: ? - help, Shift-Dir - straight line, f/p - yak
Aim: a yak (heavily wounded, chance to affect: 73%)
The yak's mind is blasted!
The yak barely misses you.
You barely miss the yak.
The yak is severely wounded.
The yak gores you!
You die...

#.# ..# #.# #.# #.# #.#
#######.# ......Y>#
#######@# #.# ######'######
#...........# ....
#...........# .......
#...........# .......#
#...........# ........
#.......)...# ........
#...........# ........
#.......)...# ........
#...........# ........
..#####..###### ........
.......).######## .######
..#####..........
......###### #..........
#####......######
#).........
######......#####..########
####....).....# ####
#...)......#


You could see a yak.

Vanquished Creatures
  A yak (D:8)
  A sky beast (D:8)
  2 centaurs
  An orc priest (D:7)
  2 iguanas
  3 orc wizards
  2 gnolls
  2 adders
  An ufetubus (D:4)
  A worm (D:5)
  A dart slug (D:2)
  11 orcs
  3 endoplasms
  2 giant cockroaches
  10 goblins
  3 hobgoblins
  2 jackals (D:5)
  7 quokkas
  7 ball pythons
  5 bats
  A frilled lizard (D:1)
  6 kobolds
  3 rats
77 creatures vanquished.

Notes
Turn   | Place    | Note
-------+----------+-------------------------------------------
     0 | D:5      | petzl the Formicid Delver began the quest for the Orb.
     0 | D:5      | Reached XP level 1. HP: 18/18 MP: 1/1
    17 | D:6      | Noticed a hound
    27 | D:7      | Found a glowing golden altar of the Shining One.
   119 | D:5      | Found a shimmering altar of Xom.
   120 | D:5      | Noticed a water moccasin
   132 | D:5      | Found a sparkling altar of Nemelex Xobeh.
   170 | D:5      | Found a staircase to the Ecumenical Temple.
   179 | Temple   | Entered the Ecumenical Temple
   342 | Temple   | Reached XP level 2. HP: 14/24 MP: 2/2
   677 | D:4      | Noticed a scorpion
   690 | D:4      | Found a stormy altar of Qazlal.
  1107 | D:4      | Noticed a kobold brigand
  1121 | D:4      | Reached skill level 1 in Spellcasting
  1121 | D:4      | Reached XP level 3. HP: 13/29 MP: 4/4
  1320 | D:4      | Reached XP level 4. HP: 33/35 MP: 7/7
  1342 | D:3      | Found Netuyzel's Jewellery Boutique.
  1666 | D:2      | Found an ornate altar of the Wu Jian Council.
  3228 | D:3      | Reached XP level 5. HP: 34/41 MP: 10/10
  3405 | D:3      | Reached skill level 1 in Ranged Weapons
  3541 | D:3      | Noticed Robin
  3572 | D:3      | You fall into a shaft and drop 1 floor!
  4014 | D:4      | Noticed a phantom
  4074 | D:4      | Gained mutation: Your body sometimes deteriorates upon
                  | taking damage. [potion of mutation]
  4074 | D:4      | Gained mutation: You are frail. (-10% HP) [potion of
                  | mutation]
  4074 | D:4      | Gained mutation: You have an increased reservoir of magic.
                  | (+10% MP) [potion of mutation]
  4177 | D:5      | Noticed a centaur
  4190 | D:5      | Killed a centaur
  4191 | D:5      | Reached XP level 6. HP: 14/42 MP: 12/12
  4383 | D:5      | You fall into a shaft and drop 1 floor!
  4391 | D:6      | HP: 2/42 [poisoned by a water moccasin]
  4554 | D:6      | Noticed an orc warrior
  4609 | D:6      | You fall into a shaft and drop 1 floor!
  4666 | D:7      | Identified the +6 ring mail of Light {Slay+4}
  4915 | D:8      | Noticed a yak
  4948 | D:8      | Found a white marble altar of Elyvilon.
  4948 | D:8      | Found a burning altar of Makhleb.
  4969 | D:8      | Learned a level 3 spell: Hailstorm
  4971 | D:8      | Learned a level 1 spell: Freeze
  5028 | D:8      | Reached XP level 7. HP: 46/46 MP: 13/13
  5063 | D:8      | Reached skill level 1 in Ice Magic
  5063 | D:8      | Reached skill level 1 in Evocations
  5087 | D:8      | Reached skill level 1 in Conjurations
  5184 | D:8      | Noticed a yak
  5186 | D:8      | Noticed a yak
  5207 | D:8      | Killed a yak
  5208 | D:8      | Reached skill level 5 in Ranged Weapons
  5250 | D:7      | Slain by a yak

Illustrated notes

Levels and vault maps discovered:
D:1:      ebering_trefoil_twist, layout_loops_ring, minmay_pentomino_u4
D:2:      layout_basic, basic_altar, nicolae_houndstooth_variations
D:3:      layout_basic, serial_shops, shop, uniq_crazy_yiuf_cottage, uniq_robin
D:4:      layout_loops_ring, grunt_qazlal_clouds
D:5:      layout_basic, mainiacjoe_overflow_catch_the_wave,
          minmay_temple_entry_overgrown, nicolae_nh_ransacked_shop
D:6:      layout_gridville, minmay_manual_mares
D:7:      layout_basic, mainiacjoe_overflow_catwalk
D:8:      cheibrodos_steamvent, layout_basic, gammafunk_temple_overflow_pools,
          serial_shops, shop_coins, minmay_tree_intersection
Temple:   zaba_magenta_temple

Skill      XL: |  1  2  3  4  5  6  7 |
---------------+----------------------+-----
Dodging        | 2 |  2.0
Spellcasting   | 1 2 3 4 |  4.1
Ranged Weapons | 3 4 5 |  5.0
Ice Magic      | 1 |  1.8
Evocations     | 2 |  2.1
Conjurations   | 1 |  1.5
Fighting       | |  3.4
Maces & Flails | |  2.2
Stealth        | |  6.1

Action                     |  1- 3 |  4- 6 |  7- 9 || total
---------------------------+-------+-------+-------++-------
  Melee: Mace              |    26 |   159 |       ||   185
         War axe           |    26 |       |       ||    26
         Punch             |       |     2 |     1 ||     3
         Falchion          |       |    36 |    22 ||    58
   Fire: Sling             |       |    31 |       ||    31
         Orcbow            |       |    32 |    20 ||    52
  Throw: Boomerang         |       |     1 |       ||     1
Ability: Shaft Self        |       |     3 |       ||     3
         Dig               |       |     1 |       ||     1
  Evoke: Wand              |     2 |       |     3 ||     5
    Use: Scroll            |     1 |     4 |       ||     5
         Potion            |       |     2 |       ||     2
   Stab: Sleeping          |     1 |     6 |       ||     7
 Armour: Leather armour    |    13 |    72 |       ||    85
         Ring mail         |       |     2 |    32 ||    34
  Dodge: Dodged            |    34 |   173 |    42 ||   249

Table legend: (Time is in decaauts)
 A = Elapsed time spent in this place.
 B = Non-inter-level travel time spent in this place.
 C = Inter-level travel time spent in this place.
 D = Time resting spent in this place.
 E = Time spent auto-exploring this place.
 F = Levels seen in this place.
 G = Mean time per level.
                   A        B        C        D        E       F      G
               +--------+--------+--------+--------+--------+-----+--------+
         Total |   5349 |   5010 |    339 |   1178 |   1886 |   9 |  594.3 |
       Dungeon |   5106 |   4767 |    339 |   1058 |   1886 |   8 |  638.2 |
        Temple |    242 |    242 |      0 |    120 |      0 |   1 |  242.0 |
               +--------+--------+--------+--------+--------+-----+--------+

Top non-repeatable levels by time:
     D:4: 1348 daAuts
     D:2: 1093 daAuts
     D:1: 686 daAuts
     D:5: 571 daAuts
     D:3: 416 daAuts
     D:8: 410 daAuts
     D:7: 313 daAuts
     D:6: 267 daAuts
  Temple: 242 daAuts
